 Dungeon Crawl Stone Soup version 0.31-a0-115-g4708a659fe (webtiles) character file.

Game seed: 15492287618871699616

134 senseless the Poker (level 5, -2/37 HPs)
             Began as a Gnoll Wanderer on May 29, 2023.
             Was an Initiate of Hepliaklqana.
             Slain by Edmund
             ... wielding a +2 heavy dire flail
              (18 damage)
             ... on level 4 of the Dungeon.
             The game lasted 00:07:34 (2228 turns).

senseless the Poker (Gnoll Wanderer)                Turns: 2228, Time: 00:07:35

Health: -2/37      AC:  5    Str: 11    XL:     5   Next: 17%
Magic:  12/12      EV: 14    Int: 14    God:    Hepliaklqana [......]
Gold:   126        SH:  0    Dex: 19    Spells: 13/14 levels left

rFire   . . .        a - +2 spear (heavy)
rCold   . . .        (no shield)
rNeg    . . .        f - +0 leather armour
rPois   .            g - +1 helmet {SInv}
rElec   .            (no cloak)
rCorr   +            (no gloves)
SInv    +            (no boots)
Will    .....        l - amulet of magic regeneration
Stlth   ++           p - +6 ring of dexterity
HPRegen 0.26/turn    q - ring of resist corrosion
MPRegen 0.53/turn

%: no passive effects
@: no status effects
A: fangs 1, strong nose, distributed training, claws 1, clever 1
a: Renounce Religion


You were on level 4 of the Dungeon.
You worshipped Hepliaklqana.
Hepliaklqana was noncommittal.
You visited 1 branch of the dungeon, and saw 4 of its levels.

You collected 126 gold pieces.

Inventory:

Hand Weapons
 a - a +2 heavy spear (weapon)
 d - a +0 dagger
 k - a +0 dagger of venom
Missiles
 c - 10 poisoned darts (quivered)
Armour
 f - a +0 leather armour (worn)
 g - a +1 helmet of see invisible (worn)
 r - a +0 kite shield
Magical Staves
 o - a staff of cold
Jewellery
 l - an amulet of magic regeneration (around neck)
 p - a +6 ring of dexterity (left claw)
 q - a ring of resist corrosion (right claw)
Wands
 s - a wand of flame (21)
Scrolls
 h - a scroll of fear
 m - a scroll of summoning
 n - 2 scrolls of identify
Potions
 b - a potion of lignification
 e - 2 potions of heal wounds
 i - a potion of cancellation
 j - 3 potions of curing


   Skills:
 + Level 1.4 Fighting
 + Level 1.4 Short Blades
 + Level 1.4 Long Blades
 + Level 1.4 Axes
 + Level 1.4 Maces & Flails
 + Level 6.7 Polearms
 + Level 1.4 Staves
 + Level 1.4 Ranged Weapons
 + Level 4.7 Throwing
 + Level 2.9 Armour
 + Level 4.7 Dodging
 + Level 1.4 Stealth
 + Level 1.4 Shields
 + Level 1.4 Unarmed Combat
 + Level 5.2 Spellcasting
 + Level 1.1 Conjurations
 + Level 1.1 Hexes
 + Level 1.1 Summonings
 + Level 1.1 Necromancy
 + Level 1.1 Translocations
 + Level 1.1 Transmutations
 + Level 1.1 Fire Magic
 + Level 1.1 Ice Magic
 + Level 1.1 Air Magic
 + Level 1.1 Earth Magic
 + Level 1.1 Poison Magic
 + Level 1.6 Invocations
 + Level 1.4 Evocations


You had 13 spell levels left.
You knew the following spells:

 Your Spells              Type           Power      Damage    Failure   Level
a - Freeze                Ice            24%        1d4       14%         1

Your spell library contained the following spells:

 Spells                   Type           Power      Damage    Failure   Level
 Frozen Ramparts          Ice            12%        1d2       38%         3
 Hailstorm                Conj/Ice       6%         3d4       38%         3
 Inner Flame              Hex/Fire       6%         N/A       38%         3
 Flame Wave               Conj/Fire      6%         2d5       80%         4
 Sticky Flame             Conj/Fire      6%         2d3       80%         4
 Summon Forest            Summ/Tloc      3%         N/A       98%         5
 Summon Mana Viper        Hex/Summ       6%         N/A       98%         5
 Summon Cactus Giant      Summ           3%         N/A       100%        6


Dungeon Overview and Level Annotations

Branches:
Dungeon (4/15)
 Temple: D:4-7

Altars:
Hepliaklqana
Sif Muna
Zin

Shops:
D:1 [

Annotations:
D:4 Edmund


Innate Abilities, Weirdness & Mutations

You have very sharp teeth.
Your uncanny sense of smell can sniff out nearby items.
Your experience applies equally to all skills.
You have sharp fingernails.
Your mind is acute. (Int +4, Str/Dex -1)


Message History

You closely miss the ball python.
A dart slug comes into view.
The ball python misses you. The ball python grabs you.
The ball python constricts you.
You closely miss the ball python. You bite the ball python.
The ball python is moderately wounded.
The ball python barely misses you. The ball python constricts you.
The ball python barely misses you. The ball python constricts you.
You puncture the ball python!
You kill the ball python!
An orc comes into view. It is wielding a +0 dagger.
The orc shouts!
You puncture the orc!
You kill the orc!
You hear an angry hiss.
You hit Edmund but do no damage.
Edmund hits you with a +2 heavy dire flail.
You reach to attack!
You puncture Edmund!
Edmund is moderately wounded.
An orc comes into view. It is wielding a +0 flail of draining.
Edmund hits you with a +2 heavy dire flail!!
You are too injured to fight recklessly!
You are too injured to fight recklessly!
You are too injured to fight recklessly!
Throw: 12 darts (poison)
Press: ? - help, Q - select action, (/) - cycle Shift-Dir - straight line, f/p - Edmund
Aim: Edmund, wielding a +2 heavy dire flail and wearing a +0 ring mail (moderately wounded, 66% to hit)
You throw a poisoned dart. The poisoned dart hits Edmund.
Edmund is poisoned.
Edmund is moderately wounded.
The orc shouts!
An orc priest comes into view. It is wielding a +0 dagger.
Throw: 11 darts (poison)
Press: ? - help, Q - select action, (/) - cycle Shift-Dir - straight line, f/p - Edmund
Aim: Edmund, wielding a +2 heavy dire flail and wearing a +0 ring mail (moderately wounded, poisoned, 66% to hit)
You throw a poisoned dart. The poisoned dart hits Edmund.
Edmund looks even sicker.
Edmund is moderately wounded.
The orc priest shouts!
Edmund hits you with a +2 heavy dire flail!!
You die...

.#########+#..
......<......
..o.........########
............#......#
.o..........#......#
............#......#
......)o....#......#
∆ #@#####......#
+.@..#.......# ∆
#....'.......# ∆
#..<.#.[.....#
#....##......#
#....##......#
#....#########
#....# #....# ######


You could see Edmund (very poisoned), an orc priest and 2 orcs.

Vanquished Creatures
  A gnoll (D:1)
  4 adders
  2 worms (D:2)
  6 dart slugs
  4 orcs
  8 endoplasms
  5 giant cockroaches
  7 goblins
  5 hobgoblins
  4 jackals (D:1)
  5 ball pythons
  4 bats
  2 frilled lizards
  3 kobolds
  3 rats
63 creatures vanquished.

Notes
Turn   | Place    | Note
-------+----------+-------------------------------------------
     0 | D:1      | senseless the Gnoll Wanderer began the quest for the Orb.
     0 | D:1      | senseless set off with the following items: a +2 spear, a
                  | potion of lignification, 13 poisoned darts, a +0 dagger, a
                  | potion of mutation, a +0 leather armour.
     0 | D:1      | Reached XP level 1. HP: 13/13 MP: 6/6
     0 | D:1      | Gained mutation: You sometimes lose your temper in combat.
                  | [potion of mutation]
     0 | D:1      | Gained mutation: You are resistant to electric shocks.
                  | (rElec) [potion of mutation]
   127 | D:1      | Found Guriuno's Antique Armour Emporium.
   300 | D:1      | Lost mutation: You are resistant to electric shocks.
                  | (rElec) [potion of mutation]
   300 | D:1      | Lost mutation: You sometimes lose your temper in combat.
                  | [potion of mutation]
   300 | D:1      | Gained mutation: Your mind is acute. (Int +4, Str/Dex -1)
                  | [potion of mutation]
   300 | D:1      | Gained mutation: You have sharp fingernails. [potion of
                  | mutation]
   356 | D:1      | Reached XP level 2. HP: 19/19 MP: 7/7
   469 | D:1      | Reached skill level 5 in Spellcasting
   469 | D:1      | Reached XP level 3. HP: 5/25 MP: 7/9
   594 | D:1      | Reached skill level 1 in Invocations
   829 | D:2      | Reached skill level 1 in Fighting
   829 | D:2      | Reached skill level 1 in Short Blades
   829 | D:2      | Reached skill level 1 in Long Blades
   829 | D:2      | Reached skill level 1 in Axes
   829 | D:2      | Reached skill level 1 in Maces & Flails
   829 | D:2      | Reached skill level 1 in Staves
   829 | D:2      | Reached skill level 1 in Ranged Weapons
   829 | D:2      | Reached skill level 1 in Stealth
   829 | D:2      | Reached skill level 1 in Shields
   829 | D:2      | Reached skill level 1 in Unarmed Combat
   829 | D:2      | Reached skill level 1 in Evocations
   838 | D:2      | Found a faded altar of an unknown god.
   839 | D:2      | Noticed an eye of devastation
   848 | D:2      | Noticed a great orb of eyes
   852 | D:2      | Noticed a great orb of eyes
   852 | D:2      | Noticed a shining eye
   861 | D:2      | Prayed at the altar of an unknown god.
   861 | D:2      | Became a worshipper of Sif Muna the Loreminder
   861 | D:2      | Reached * piety under Sif Muna
   908 | D:2      | Reached XP level 4. HP: 22/32 MP: 11/11
  1037 | D:2      | Reached skill level 1 in Conjurations
  1037 | D:2      | Reached skill level 1 in Hexes
  1037 | D:2      | Reached skill level 1 in Summonings
  1037 | D:2      | Reached skill level 1 in Necromancy
  1037 | D:2      | Reached skill level 1 in Translocations
  1037 | D:2      | Reached skill level 1 in Transmutations
  1037 | D:2      | Reached skill level 1 in Fire Magic
  1037 | D:2      | Reached skill level 1 in Ice Magic
  1037 | D:2      | Reached skill level 1 in Air Magic
  1037 | D:2      | Reached skill level 1 in Earth Magic
  1037 | D:2      | Reached skill level 1 in Poison Magic
  1220 | D:2      | Found a hazy altar of Hepliaklqana.
  1498 | D:2      | Fell from the grace of Sif Muna
  1498 | D:2      | Became a worshipper of Hepliaklqana the Forgotten
  1608 | D:3      | Reached XP level 5. HP: 37/37 MP: 12/12
  1671 | D:3      | Found a glowing silver altar of Zin.
  2190 | D:3      | Learned a level 1 spell: Freeze
  2219 | D:4      | Noticed Edmund
  2228 | D:4      | Slain by Edmund

Illustrated notes

Levels and vault maps discovered:
D:1:      giann_bridges, layout_basic, serial_glass, glass_columns_a,
          glass_columns_a, serial_shops, nicolae_shop_behind_doors
D:2:      layout_loops_ring, hellmonk_ecumenical_altar_watching_god, basic_altar
D:3:      layout_loops_ring, zin_statuary, minmay_pentomino_pile
D:4:      layout_gridville, minmay_misc_feat_more_columns, columned_hall_lemuel,
          uniq_edmund, uniq_pikel, uniq_ijyb

Skill      XL: |  1  2  3  4 |
---------------+-------------+-----
Spellcasting   | 5 |  5.2
Invocations    | 1 |  1.6
Fighting       | 1 |  1.4
Short Blades   | 1 |  1.4
Long Blades    | 1 |  1.4
Axes           | 1 |  1.4
Maces & Flails | 1 |  1.4
Staves         | 1 |  1.4
Ranged Weapons | 1 |  1.4
Stealth        | 1 |  1.4
Shields        | 1 |  1.4
Unarmed Combat | 1 |  1.4
Evocations     | 1 |  1.4
Conjurations   | 1 |  1.1
Hexes          | 1 |  1.1
Summonings     | 1 |  1.1
Necromancy     | 1 |  1.1
Translocations | 1 |  1.1
Transmutations | 1 |  1.1
Fire Magic     | 1 |  1.1
Ice Magic      | 1 |  1.1
Air Magic      | 1 |  1.1
Earth Magic    | 1 |  1.1
Poison Magic   | 1 |  1.1
Polearms       | |  6.7
Throwing       | |  4.7
Armour         | |  2.9
Dodging        | |  4.7

Action                     |  1- 3 |  4- 6 || total
---------------------------+-------+-------++-------
  Melee: Spear             |    99 |    83 ||   182
         Bite              |     3 |     3 ||     6
         Punch             |       |     1 ||     1
  Throw: Dart              |     3 |     2 ||     5
    Use: Potion            |     2 |       ||     2
         Scroll            |     5 |     5 ||    10
   Stab: Sleeping          |     2 |     5 ||     7
 Armour: Leather armour    |    11 |     9 ||    20
  Dodge: Dodged            |    34 |    32 ||    66

Table legend: (Time is in decaauts)
 A = Elapsed time spent in this place.
 B = Non-inter-level travel time spent in this place.
 C = Inter-level travel time spent in this place.
 D = Time resting spent in this place.
 E = Time spent auto-exploring this place.
 F = Levels seen in this place.
 G = Mean time per level.
                   A        B        C        D        E       F      G
               +--------+--------+--------+--------+--------+-----+--------+
         Total |   2202 |   2038 |    164 |      2 |   1631 |   4 |  550.5 |
       Dungeon |   2202 |   2038 |    164 |      2 |   1631 |   4 |  550.5 |
               +--------+--------+--------+--------+--------+-----+--------+

Top non-repeatable levels by time:
     D:1: 789 daAuts
     D:2: 713 daAuts
     D:3: 674 daAuts
     D:4: 25 daAuts
